 Dungeon Crawl Stone Soup version 0.30-b1-2-g02819fbbbe (webtiles) character file.

Game seed: 16384692324885062208

992 Arum the Trooper (level 8, -8/65 HPs)
             Began as a Formicid Fighter on May 14, 2023.
             Was an Initiate of Qazlal.
             Mangled by Edmund
             ... wielding a +3 heavy flail
              (13 damage)
             ... on level 5 of the Dungeon.
             The game lasted 00:05:37 (4686 turns).

Arum the Trooper (Formicid Fighter)                 Turns: 4686, Time: 00:05:38

Health: -8/65      AC: 13    Str: 22    XL:     8   Next: 42%
Magic:  8/8        EV:  9    Int:  9    God:    Qazlal [......]
Gold:   266        SH:  5    Dex: 13    Spells: 7/7 levels left

rFire   . . .        a - +0 quarterstaff
rCold   . . .        c - +0 buckler
rNeg    + . .        b - +0 scale mail
rPois   .            (helmet unavailable)
rElec   .            (no cloak)
rCorr   .            (no gloves)
SInv    +            r - +0 pair of boots
Will    .....        (no amulet) Stlth
                     G - ring of positive energy
HPRegen 0.30/turn    m - +4 ring of protection
MPRegen 0.11/turn

%: no passive effects
@: no status effects
A: permanent stasis, dig shafts and tunnels, antennae 3, four strong arms
a: Dig, Shaft Self, Renounce Religion


You were on level 5 of the Dungeon.
You worshipped Qazlal.
Qazlal was noncommittal.
You visited 2 branches of the dungeon, and saw 6 of its levels.

You collected 266 gold pieces.

Inventory:

Hand Weapons
 a - a +0 quarterstaff (weapon)
Missiles
 y - 4 silver javelins
Armour
 b - a +0 scale mail (worn)
 c - a +0 buckler (worn)
 r - a +0 pair of boots (worn)
Jewellery
 g - a ring of magical power
 h - a ring of flight
 k - a ring of wizardry
 m - a +4 ring of protection (right hand)
 x - a ring of protection from cold
 C - a ring of fire
 G - a ring of positive energy (left hand)
Wands
 A - a wand of flame (11)
 E - a wand of charming (3)
 H - a wand of polymorph (11)
Scrolls
 f - 3 scrolls of teleportation {unknown}
 i - 4 scrolls of immolation {unknown}
 l - 2 scrolls of enchant weapon {unknown}
 o - 9 scrolls of identify {unknown}
 q - a scroll of acquirement {unknown}
 v - 2 scrolls of amnesia {unknown}
 z - 2 scrolls of fog {unknown}
 B - 2 scrolls of poison {unknown}
 D - a scroll of vulnerability {unknown}
 F - a scroll of enchant armour {unknown}
Potions
 d - 3 potions of might
 e - a potion of heal wounds {unknown}
 j - a potion of degeneration {unknown}
 n - a potion of haste {unknown}
 p - a potion of ambrosia {unknown}
 s - a potion of resistance {unknown}
 t - a potion of curing {unknown}
 u - a potion of magic {unknown}
 w - a potion of cancellation {unknown}
 I - a potion of flight {unknown}


   Skills:
 + Level 6.4 Fighting
 + Level 5.3 Staves
 + Level 6.3 Armour
 - Level 5.6 Shields


You had 7 spell levels left.
You didn't know any spells.
Your spell library contained the following spells:

 Spells                   Type           Power      Damage    Failure   Level
 Beastly Appendage        Tmut           0%         N/A       75%         1
 Sandblast                Erth           0%         2d4       75%         1
 Passwall                 Tmut/Erth      0%         N/A       87%         2
 Wereblood                Tmut           0%         N/A       87%         2
 Portal Projectile        Hex/Tloc       0%         N/A       98%         3
 Spider Form              Tmut/Pois      0%         N/A       98%         3
 Stone Arrow              Conj/Erth      0%         3d7       98%         3
 Tukima's Dance           Hex            0%         N/A       98%         3
 Blade Hands              Tmut           0%         N/A       100%        5


Dungeon Overview and Level Annotations

Branches:
Dungeon (5/15)             Temple (1/1) D:5

Altars:
Ashenzari
Cheibriados
Dithmenos
Elyvilon
Fedhas
Gozag
Kikubaaqudgha
Makhleb
Nemelex Xobeh
Okawaru
Qazlal
Ru
Sif Muna
Trog
Uskayaw
Vehumet
Wu Jian
Xom
Yredelemnul
Zin
The Shining One

Annotations:
D:5 Edmund


Innate Abilities, Weirdness & Mutations

You cannot be hasted, slowed, berserked, paralysed or teleported.
You can dig through walls and to a lower floor.
You have a pair of large antennae on your head. (SInv)
Your four strong arms can wield two-handed weapons with a shield.


Message History

You are too injured to fight recklessly!
You hit Edmund.
Edmund is moderately wounded.
You hit Edmund but do no damage.
Edmund is moderately wounded.
You block Edmund's attack.
You barely miss Edmund.
Edmund is moderately wounded.
Edmund barely misses you.
You barely miss Edmund.
Edmund is moderately wounded.
You block Edmund's attack.
You hit Edmund.
Edmund is heavily wounded.
You sock Edmund!
Edmund is almost dead.
Edmund closely misses you.
You barely miss Edmund.
Edmund is severely wounded.
Edmund says, "People think my brother is the best.
I think he's crazy."
Edmund hits you with a +3 heavy flail!!
* * * LOW HITPOINT WARNING * * *
You hit Edmund.
Edmund is almost dead.
You closely miss Edmund.
Edmund is almost dead.
Edmund hits you but does no damage.
You hit Edmund.
Edmund is almost dead.
Edmund hits you with a +3 heavy flail.
* * * LOW HITPOINT WARNING * * *
You hit Edmund.
Edmund is almost dead.
Edmund barely misses you.
You hit Edmund but do no damage.
Edmund is almost dead.
You hit Edmund.
Edmund is almost dead.
Edmund hits you with a +3 heavy flail!
You die...

#..#.#..#
#..#(#†.#
#.......#
#..#.#..#
#.......##
#.##<....#####.
#. ####........
#.#####@#######
#.....@.#
#########


You could see Edmund.

Vanquished Creatures
  An ice beast (D:5)
  2 black bears (D:5)
  A phantom (D:5)
  2 scorpions (D:5)
  4 hounds
  3 iguanas
  Natasha (thrice) (D:3)
  An orc wizard (D:3)
  Robin (D:4)
  3 gnolls (D:5)
  6 adders
  A shadow imp (D:4)
  3 worms
  5 dart slugs
  6 orcs (D:3)
  4 endoplasms
  3 giant cockroaches
  14 hobgoblins
  5 jackals (D:1)
  4 quokkas
  6 ball pythons
  5 bats
  2 frilled lizards
  16 goblins
  7 kobolds
  2 rats (D:2)
110 creatures vanquished.

Notes
Turn   | Place    | Note
-------+----------+-------------------------------------------
     0 | D:1      | Arum the Formicid Fighter began the quest for the Orb.
     0 | D:1      | Reached XP level 1. HP: 18/18 MP: 1/1
   214 | D:1      | Reached XP level 2. HP: 24/24 MP: 2/2
   411 | D:1      | Reached XP level 3. HP: 28/29 MP: 3/3
   859 | D:2      | Found a faded altar of an unknown god.
  1017 | D:2      | Reached XP level 4. HP: 33/37 MP: 4/4
  1848 | D:3      | Reached XP level 5. HP: 42/42 MP: 5/5
  2006 | D:3      | Noticed Natasha
  2014 | D:3      | Killed Natasha
  2015 | D:3      | Reached skill level 5 in Shields
  2047 | D:3      | Noticed Natasha
  2058 | D:3      | Killed Natasha
  2178 | D:3      | Reached XP level 6. HP: 49/49 MP: 6/6
  2303 | D:3      | Noticed Natasha
  2308 | D:3      | Killed Natasha
  2763 | D:4      | Noticed Robin
  2808 | D:4      | Killed Robin
  3030 | D:4      | Reached skill level 5 in Fighting
  3030 | D:4      | Reached XP level 7. HP: 35/56 MP: 7/7
  3149 | D:4      | Found a glowing silver altar of Zin.
  3274 | D:4      | Reached skill level 5 in Armour
  3666 | D:5      | Entered Level 5 of the Dungeon
  3934 | D:5      | Reached XP level 8. HP: 58/64 MP: 8/8
  4059 | D:5      | Found a staircase to the Ecumenical Temple.
  4067 | D:5      | Reached skill level 5 in Staves
  4082 | Temple   | Entered the Ecumenical Temple
  4517 | Temple   | Became a worshipper of Qazlal Stormbringer
  4653 | D:5      | Noticed Edmund
  4686 | D:5      | Mangled by Edmund

Illustrated notes

Levels and vault maps discovered:
D:1:      dpeg_arrival_radiant, layout_basic
D:2:      layout_loops_corners, ebering_ecumenical_altar_abandoned,
          wander_ebering_terrifying_dragon_lair
D:3:      layout_basic, uniq_natasha
D:4:      layout_gridville, zin_scriptorium, grunt_ministairs_7,
          minmay_misc_feat_rugged, uniq_robin
D:5:      layout_loops_cross, minmay_temple_entry_statues_pillars, uniq_edmund
Temple:   mainiacjoe_temple_cubbyholes

Skill      XL: |  1  2  3  4  5  6  7  8 |
---------------+-------------------------+-----
Fighting       | 4 5 6 |  6.4
Armour         | 4 5 6 |  6.3
Staves         | 3 4 5 |  5.3
Shields        | 5 |  5.6

Action                     |  1- 3 |  4- 6 |  7- 9 || total
---------------------------+-------+-------+-------++-------
  Melee: Quarterstaff      |    78 |   188 |   131 ||   397
Ability: Dig               |       |     1 |     1 ||     2
 Armour: Scale mail        |    41 |    83 |    61 ||   185
  Dodge: Dodged            |    42 |   101 |    56 ||   199
  Block: Buckler           |    18 |    52 |    24 ||    94
